 Dungeon Crawl Stone Soup version 0.27.1-33-g824d729ab1 (webtiles) character file.

Game seed: 7511404149851930533

102 jlumianski the Skirmisher (level 4, -2/29 HPs)
             Began as a Gargoyle Monk on Dec 19, 2021.
             Slain by a gnoll (6 damage)
             ... on level 2 of the Dungeon.
             The game lasted 00:08:04 (2678 turns).

jlumianski the Skirmisher (Gargoyle Monk)           Turns: 2678, Time: 00:08:04

Health: -2/29      AC:  6    Str: 16    XL:     4   Next: 78%
Magic:  4/4        EV: 12    Int: 10    God:
Gold:   97         SH:  0    Dex: 12    Spells: 3/3 levels left

rFire    . . .     SeeInvis .   j - +3 whip
rCold    . . .     Faith    .   (no shield)
rNeg     + . .     Spirit   .   d - +0 leather armour
rPois    ∞         Reflect  .   (no helmet)
rElec    +         Harm     .   (no cloak)
rCorr    .         Rampage  .   (no gloves)
Will     .....                  (no boots)
Stlth    ++........             (no amulet)
HPRegen  0.09/turn              (no ring)
MPRegen  0.09/turn              (no ring)

@: no status effects
A: sickness immunity, AC +3, negative energy resistance 1, electricity
resistance, torment resistance 1, petrification resistance
a: no special abilities


You were on level 2 of the Dungeon.
You visited 1 branch of the dungeon, and saw 2 of its levels.

You collected 97 gold pieces.

Inventory:

Hand Weapons
 a - a +0 hand axe
 j - a +3 whip (weapon)
 n - a +2 dagger of pain
Missiles
 c - 17 bolts
 f - 40 stones (quivered)
 i - 16 sling bullets
Armour
 b - a +0 robe
 d - a +0 leather armour (worn)
Scrolls
 e - a scroll of vulnerability {unknown}
 g - a scroll of magic mapping {unknown}
 k - a scroll of identify {unknown}
 l - 2 scrolls of teleportation {unknown}
 m - a scroll of enchant weapon {unknown}
 p - a scroll of fog {unknown}
Potions
 h - a potion of attraction {unknown}
 o - a potion of flight


   Skills:
 + Level 3.7 Fighting
 + Level 3.3(3.4) Axes
 + Level 1.1(2.5) Maces & Flails
 + Level 1.5 Armour
 + Level 3.0 Dodging
 + Level 2.5 Stealth


You had 3 spell levels left.
You didn't know any spells.
Your spell library contained the following spells:

 Spells                   Type           Power      Damage    Failure   Level
 Ozocubu's Armour         Ice            0%         N/A       80%         3
 Ozocubu's Refrigeration  Ice            0%         4d5       100%        7


Dungeon Overview and Level Annotations

Branches:
Dungeon (2/15)

Altars:


Innate Abilities, Weirdness & Mutations

You are immune to sickness and miasma.
Your stone body is resilient. (AC +3)
You are immune to poison.
You resist negative energy. (rN+)
You are resistant to electric shocks. (rElec)
You are resistant to unholy torment.
You are immune to petrification.


Message History

p - a scroll labelled KARCHO JEG FOT
Okay, then.
Unknown command.
There are monsters nearby!
There is a stone staircase leading up here.
The gnoll misses you. The gnoll closely misses you.
You climb upwards.
There is a stone staircase leading down here.
You hit the gnoll but do no damage. You hit the gnoll but do no damage.
The gnoll hits you with a +0 flail.
You hit the gnoll.
The gnoll is lightly wounded.
The gnoll hits you with a +0 flail.
You whack the gnoll!
The gnoll is severely wounded.
The gnoll hits you with a +0 flail!
You whack the gnoll!
You kill the gnoll!
Your base Maces & Flails skill increases to level 1!
Things that are here:
a +0 flail; a +0 hunting sling; a gnoll corpse
There is a stone staircase leading down here.
You start resting.
HP restored.
You climb downwards.
There is a stone staircase leading up here.
The gnoll hits you from afar with a +0 halberd of holy wrath!
The gnoll hits you with a +0 halberd of holy wrath.
You barely miss the gnoll. The gnoll barely misses you.
You hit the gnoll.
The gnoll is moderately wounded.
The gnoll hits you with a +0 halberd of holy wrath.
You hit the gnoll.
The gnoll is heavily wounded.
The gnoll hits you with a +0 halberd of holy wrath.
* * * LOW HITPOINT WARNING * * *
You closely miss the gnoll.
The gnoll is heavily wounded.
The gnoll hits you with a +0 halberd of holy wrath.
You die...

#.#######.## ##.....#........#
#.##......######.....#........#
).............#......#.)......#
#.............................#
#..#..........##.....#........#
...#.###......##.....#........#
...#..........#...##.....######
......#.#####....###.....#
..###.#.# #..g@..<.....#
......#.# #.######.....#
........# ##.# #.....#
.......## #.g# #.<...#
.......#####.## #######
..............# ..............#
####..........# #..........#


You could see a gnoll.

Vanquished Creatures
  4 adders
  2 gnolls
  2 worms (D:2)
  A dart slug (D:2)
  4 ball pythons (D:1)
  An endoplasm (D:1)
  3 giant cockroaches
  7 goblins
  3 quokkas
  4 bats
  8 kobolds
  2 rats (D:1)
41 creatures vanquished.

Vanquished Creatures (others)
  A plant (D:1)
1 creature vanquished.

Grand Total: 42 creatures vanquished

Notes
Turn   | Place    | Note
-------+----------+-------------------------------------------
     0 | D:1      | jlumianski the Gargoyle Monk began the quest for the Orb.
     0 | D:1      | Reached XP level 1. HP: 14/14 MP: 1/1
   482 | D:1      | Reached XP level 2. HP: 10/19 MP: 2/2
   790 | D:1      | Found a faded altar of an unknown god.
  1542 | D:2      | Reached XP level 3. HP: 18/23 MP: 3/3
  2005 | D:2      | Reached skill level 1 in Armour
  2005 | D:2      | Reached XP level 4. HP: 29/29 MP: 4/4
  2478 | D:1      | Reached skill level 1 in Maces & Flails
  2678 | D:2      | Slain by a gnoll

Illustrated notes

Levels and vault maps discovered:
D:1:      psy_arrival_dodecagon, layout_basic, serial_forest,
          infiniplex_forest_end_1, infiniplex_forest_clump_C,
          infiniplex_forest_end_double, infiniplex_forest_lined_2,
          hellmonk_ecumenical_altar_arch_garden
D:2:      layout_rooms, minmay_tromino_i4

Skill      XL: |  1  2  3  4 |
---------------+-------------+-----
Axes           | 3 |  3.3
Armour         | 1 |  1.5
Dodging        | 3 |  3.0
Maces & Flails | 1 |  1.1
Fighting       | |  3.7
Stealth        | |  2.5

Action                   |  1- 3 |  4- 6 || total
-------------------------+-------+-------++-------
Melee: Hand axe          |    77 |       ||    77
       Whip              |    44 |    32 ||    76
  Use: Potion            |       |     1 ||     1
 Stab: Sleeping          |     2 |       ||     2
Armor: Leather armour    |    39 |     6 ||    45
       Robe              |     3 |       ||     3
Dodge: Dodged            |    77 |    20 ||    97
